3L
OAKLAND OAKS @ DETROIT RENAISSANCE
08/17/2030
 
TOP OF THE 1ST
Oakland Oaks batting - Pitching for Detroit Renaissance : RHP Ryan Bentley
Pitching: RHP Ryan Bentley
Batting: RHB Ricardo Téllez 0-0: Called Strike
0-1: Foul Ball, location: 2F
0-2: SINGLE (Flyball, 8LS)
Batting: LHB Todd Henry 0-0: Ball
1-0: Foul Ball, location: 2F
1-1: SINGLE (Line Drive, 8RS)
Ricardo Téllez to second
Batting: RHB Raúl Chávez 0-0: Called Strike
0-1: Swinging Strike
0-2: Foul Ball, location: 2F
0-2: Fielders Choice at 2nd, 6-4 (Groundball, 6)
Ricardo Téllez to third
Batting: RHB Joseph Papasogli 0-0: Ball
1-0: Ball
2-0: Fielders Choice at 2nd, 6-4 (Groundball, 6)
Ricardo Téllez scores
Batting: LHB David Holbrook 0-0: Ball
1-0: Called Strike
1-1: Ball
2-1: Called Strike
2-2: Fly out, F8 (Flyball, 8LD)
Top of the 1st over - 1 run, 2 hits, 0 errors, 1 left on base; Oakland 1 - Detroit 0
BOTTOM OF THE 1ST
Detroit Renaissance batting - Pitching for Oakland Oaks : LHP Francisco Chávez
Pitching: LHP Francisco Chávez
Batting: RHB Steve Irwin 0-0: Called Strike
0-1: Ground out 6-3 (Groundball, 6MS)
Batting: RHB Won-min Yi 0-0: Ball
1-0: Foul Ball, location: 2F
1-1: Ball
2-1: Foul Ball, location: 2F
2-2: DOUBLE (Line Drive, 78D)
Batting: RHB Eric D'Angle 0-0: Called Strike
0-1: Ground out 6-3 (Groundball, 6)
Batting: LHB Eric Thackston 0-0: Called Strike
0-1: Ball
1-1: Swinging Strike
1-2: Foul Ball, location: 2F
1-2: Strikes out swinging
Bottom of the 1st over - 0 runs, 1 hit, 0 errors, 1 left on base; Oakland 1 - Detroit 0
TOP OF THE 2ND
Oakland Oaks batting - Pitching for Detroit Renaissance : RHP Ryan Bentley
Batting: RHB Armando Rodríguez 0-0: Ball
1-0: Ball
2-0: Ball
3-0: Called Strike
3-1: Called Strike
3-2: Foul Ball, location: 2F
3-2: SINGLE (Groundball, P) (infield hit)
Batting: RHB Mike Wazowski 0-0: Ball
1-0: Foul Ball, location: 2F
1-1: Foul Ball, location: 2F
1-2: Grounds into double play, 5-4-3 (Groundball, 56)
Batting: LHB Edwin Church 0-0: Ball
1-0: Ground out 4-3 (Groundball, 4)
Top of the 2nd over - 0 runs, 1 hit, 0 errors, 0 left on base; Oakland 1 - Detroit 0
BOTTOM OF THE 2ND
Detroit Renaissance batting - Pitching for Oakland Oaks : LHP Francisco Chávez
Batting: RHB Quincy van Enk 0-0: Called Strike
0-1: Foul Ball, location: 2F
0-2: Ball
1-2: Ball
2-2: SINGLE (Groundball, 3S) (infield hit)
Batting: LHB Elian Gonzalez 0-0: Ball
1-0: Foul Ball, location: 2F
1-1: Called Strike
1-2: Ball
2-2: Strikes out swinging
Batting: RHB Roberto Hernández 0-0: Foul Ball, location: 2F
0-1: Ball
1-1: Foul Ball, location: 2F
1-2: Strikes out looking
Batting: RHB Takashi Miike 0-0: Called Strike
0-1: Ball
1-1: Ball
2-1: Ball
3-1: Base on Balls
Quincy van Enk to second
Batting: RHB Sixto Estrada 0-0: Swinging Strike
0-1: Swinging Strike
0-2: Ball
1-2: Ball
2-2: Ball
3-2: Base on Balls
Quincy van Enk to third
Takashi Miike to second
Batting: RHB Steve Irwin 0-0: Called Strike
0-1: Ball
1-1: Ball
2-1: Foul Ball, location: 2F
2-2: Ball
3-2: Foul Ball, location: 2F
3-2: Foul Ball, location: 2F
3-2: Base on Balls
Quincy van Enk scores
Takashi Miike to third
Sixto Estrada to second
Batting: RHB Won-min Yi 0-0: DOUBLE (Line Drive, 8LD)
Takashi Miike scores
Sixto Estrada scores
Steve Irwin to third
Runner from 3rd tries for Home, SAFE, no throw
Batting: RHB Eric D'Angle 0-0: Ball
1-0: Ball
2-0: Called Strike
2-1: Foul Ball, location: 2F
2-2: SINGLE (Groundball, 4D)
Won-min Yi to third
Runner from 3rd tries for Home, SAFE, no throw
Batting: LHB Eric Thackston 0-0: Called Strike
0-1: Swinging Strike
0-2: Strikes out swinging
Bottom of the 2nd over - 5 runs, 3 hits, 0 errors, 1 left on base; Oakland 1 - Detroit 5
TOP OF THE 3RD
Oakland Oaks batting - Pitching for Detroit Renaissance : RHP Ryan Bentley
Batting: RHB Esteban Vázquez 0-0: Foul Ball, location: 2F
0-1: Ball
1-1: Called Strike
1-2: Ground out 6-3 (Groundball, 6)
Batting: RHB Ricardo Téllez 0-0: Ball
1-0: Ball
2-0: Fly out, F8 (Line Drive, 89D)
Batting: LHB Todd Henry 0-0: SINGLE (Line Drive, 8LS)
Batting: RHB Raúl Chávez 0-0: Called Strike
0-1: Ball
Wild Pitch!
Todd Henry to second
1-1: Ball
2-1: Ground out 4-3 (Groundball, 4)
Top of the 3rd over - 0 runs, 1 hit, 0 errors, 1 left on base; Oakland 1 - Detroit 5
BOTTOM OF THE 3RD
Detroit Renaissance batting - Pitching for Oakland Oaks : LHP Francisco Chávez
Batting: RHB Quincy van Enk 0-0: Ground out 6-3 (Groundball, 6M)
Batting: LHB Elian Gonzalez 0-0: Foul Ball, location: 2F
0-1: Called Strike
0-2: Ball
1-2: Ball
2-2: Foul Ball, location: 2F
2-2: Foul Ball, location: 2F
2-2: Ball
3-2: Strikes out swinging
Batting: RHB Roberto Hernández 0-0: Ball
1-0: Fly out, F4 (Popup, 4M)
Bottom of the 3rd over - 0 runs, 0 hits, 0 errors, 0 left on base; Oakland 1 - Detroit 5
TOP OF THE 4TH
Oakland Oaks batting - Pitching for Detroit Renaissance : RHP Ryan Bentley
Batting: RHB Joseph Papasogli 0-0: Fly out, F5 (Popup, 5SF)
Batting: LHB David Holbrook 0-0: Swinging Strike
0-1: Foul Ball, location: 2F
0-2: Ball
1-2: Ball
2-2: DOUBLE (Flyball, 78XD)
Batting: RHB Armando Rodríguez 0-0: Hit by Pitch
Batting: RHB Mike Wazowski 0-0: Ball
1-0: Foul Ball, location: 2F
1-1: Foul Ball, location: 2F
1-2: Foul Ball, location: 2F
1-2: Strikes out swinging
Batting: LHB Edwin Church 0-0: Swinging Strike
0-1: Ball
1-1: Foul Ball, location: 2F
1-2: Strikes out swinging
Top of the 4th over - 0 runs, 1 hit, 0 errors, 2 left on base; Oakland 1 - Detroit 5
BOTTOM OF THE 4TH
Detroit Renaissance batting - Pitching for Oakland Oaks : LHP Francisco Chávez
Batting: RHB Takashi Miike 0-0: Called Strike
0-1: Foul Ball, location: 2F
0-2: Ball
1-2: Ball
2-2: Strikes out swinging, 2-3 out at first.
Batting: RHB Sixto Estrada 0-0: Ball
1-0: Ball
2-0: Ground out 4-3 (Groundball, 4)
Batting: RHB Steve Irwin 0-0: Ball
1-0: Ball
2-0: Ball
3-0: Base on Balls
Batting: RHB Won-min Yi 0-0: Ball
1-0: Foul Ball, location: 2F
1-1: Swinging Strike
1-2: Foul Ball, location: 2F
1-2: Strikes out swinging
Bottom of the 4th over - 0 runs, 0 hits, 0 errors, 1 left on base; Oakland 1 - Detroit 5
TOP OF THE 5TH
Oakland Oaks batting - Pitching for Detroit Renaissance : RHP Ryan Bentley
Batting: RHB Esteban Vázquez 0-0: Swinging Strike
0-1: Swinging Strike
0-2: SINGLE (Groundball, 6MD)
Batting: RHB Ricardo Téllez 0-0: Called Strike
0-1: Called Strike
0-2: Strikes out looking
Batting: LHB Todd Henry 0-0: Called Strike
0-1: Ball
1-1: Ball
2-1: Foul Ball, location: 2F
2-2: Strikes out swinging
Batting: RHB Raúl Chávez 0-0: Ball
1-0: Called Strike
1-1: Fly out, F8 (Flyball, 8LD)
Top of the 5th over - 0 runs, 1 hit, 0 errors, 1 left on base; Oakland 1 - Detroit 5
BOTTOM OF THE 5TH
Detroit Renaissance batting - Pitching for Oakland Oaks : LHP Francisco Chávez
Batting: RHB Eric D'Angle 0-0: Swinging Strike
0-1: Swinging Strike
0-2: Ball
1-2: Strikes out swinging
Batting: LHB Eric Thackston 0-0: Foul Ball, location: 2F
0-1: Fly out, F4 (Popup, 34D)
Batting: RHB Quincy van Enk 0-0: Fly out, F9 (Line Drive, 9D)
Bottom of the 5th over - 0 runs, 0 hits, 0 errors, 0 left on base; Oakland 1 - Detroit 5
TOP OF THE 6TH
Oakland Oaks batting - Pitching for Detroit Renaissance : RHP Ryan Bentley
Batting: RHB Joseph Papasogli 0-0: Ground out 5-3 (Groundball, 56)
Batting: LHB David Holbrook 0-0: Called Strike
0-1: Called Strike
0-2: Ball
1-2: Ball
2-2: SOLO HOME RUN (Flyball, 9LD), Distance : 325 ft
Batting: RHB Armando Rodríguez 0-0: Fly out, F8 (Flyball, 8RM)
Batting: RHB Mike Wazowski 0-0: Swinging Strike
0-1: Foul Ball, location: 2F
0-2: Foul Ball, location: 2F
0-2: Ball
1-2: Ground out 5-3 (Groundball, 5)
Top of the 6th over - 1 run, 1 hit, 0 errors, 0 left on base; Oakland 2 - Detroit 5
BOTTOM OF THE 6TH
Detroit Renaissance batting - Pitching for Oakland Oaks : LHP Francisco Chávez
Pitching: RHP Burm Snart
Batting: LHB Elian Gonzalez 0-0: Swinging Strike
0-1: Foul Ball, location: 2F
0-2: Strikes out swinging
Batting: RHB Roberto Hernández 0-0: Called Strike
0-1: Swinging Strike
0-2: Ball
1-2: Strikes out swinging
Batting: RHB Takashi Miike 0-0: Swinging Strike
0-1: Swinging Strike
0-2: Foul Ball, location: 2F
0-2: Fly out, F8 (Flyball, 89D)
Bottom of the 6th over - 0 runs, 0 hits, 0 errors, 0 left on base; Oakland 2 - Detroit 5
TOP OF THE 7TH
Oakland Oaks batting - Pitching for Detroit Renaissance : RHP Ryan Bentley
Batting: LHB Edwin Church 0-0: Called Strike
0-1: SOLO HOME RUN (Flyball, 9LD), Distance : 336 ft
Batting: RHB Esteban Vázquez 0-0: Foul Ball, location: 2F
0-1: Called Strike
0-2: Fly out, F8 (Line Drive, 78D)
Batting: RHB Ricardo Téllez 0-0: Called Strike
0-1: Ball
1-1: Foul Ball, location: 2F
1-2: Foul Ball, location: 2F
1-2: Foul Ball, location: 2F
1-2: Fly out, F7 (Flyball, 7)
Batting: LHB Todd Henry 0-0: Ball
1-0: Ground out 4-3 (Groundball, 4)
Top of the 7th over - 1 run, 1 hit, 0 errors, 0 left on base; Oakland 3 - Detroit 5
BOTTOM OF THE 7TH
Detroit Renaissance batting - Pitching for Oakland Oaks : RHP Burm Snart
Batting: RHB Sixto Estrada 0-0: Ball
1-0: Ball
2-0: Called Strike
2-1: Ball
3-1: Ground out 4-3 (Groundball, 4)
Batting: RHB Steve Irwin 0-0: Called Strike
0-1: Ball
1-1: Ball
2-1: Called Strike
2-2: Strikes out swinging
Batting: RHB Won-min Yi 0-0: Ball
1-0: Fly out, F7 (Line Drive, 7D)
Bottom of the 7th over - 0 runs, 0 hits, 0 errors, 0 left on base; Oakland 3 - Detroit 5
TOP OF THE 8TH
Oakland Oaks batting - Pitching for Detroit Renaissance : RHP Ryan Bentley
Now at 3B: Shiki Sanu
Batting: RHB Raúl Chávez 0-0: Fly out, F5 (Line Drive, 56S)
Batting: RHB Joseph Papasogli 0-0: Ball
1-0: Called Strike
1-1: Foul Ball, location: 2F
1-2: Strikes out looking
Batting: LHB David Holbrook 0-0: Foul Ball, location: 2F
0-1: Ball
1-1: Foul Ball, location: 2F
1-2: Strikes out swinging
Top of the 8th over - 0 runs, 0 hits, 0 errors, 0 left on base; Oakland 3 - Detroit 5
BOTTOM OF THE 8TH
Detroit Renaissance batting - Pitching for Oakland Oaks : RHP Burm Snart
Batting: RHB Eric D'Angle 0-0: Ball
1-0: Foul Ball, location: 2F
1-1: Foul Ball, location: 2F
1-2: Strikes out swinging, 2-3 out at first.
Batting: LHB Eric Thackston 0-0: Called Strike
0-1: Foul Ball, location: 2F
0-2: Ball
1-2: Foul Ball, location: 2F
1-2: Ball
2-2: Strikes out swinging
Batting: RHB Quincy van Enk 0-0: Called Strike
0-1: Called Strike
0-2: Ball
1-2: Ball
2-2: Fly out, F7 (Flyball, 7)
Bottom of the 8th over - 0 runs, 0 hits, 0 errors, 0 left on base; Oakland 3 - Detroit 5
TOP OF THE 9TH
Oakland Oaks batting - Pitching for Detroit Renaissance : RHP Ryan Bentley
Now at 1B: José Carlos Ramos
Batting: RHB Armando Rodríguez 0-0: Called Strike
0-1: Ball
1-1: Ball
2-1: Foul Ball, location: 2F
2-2: Ball
3-2: SINGLE (Line Drive, 7S)
Pitching: RHP Jimmy O'Flahavan
Batting: RHB Mike Wazowski 0-0: Ball
1-0: Called Strike
1-1: Foul Ball, location: 2F
1-2: Foul Ball, location: 2F
1-2: Strikes out swinging
Batting: LHB Edwin Church 0-0: Ball
1-0: Ball
2-0: Hit by Pitch
Armando Rodríguez to second
Pinch Hitting: SHB Luis Luquín 0-0: Foul Ball, location: 2F
0-1: Called Strike
0-2: Ball
1-2: Ball
2-2: Fly out, F9 (Flyball, 9D)
Runner from 2nd tags up, SAFE at 3rd, no throw
Batting: RHB Ricardo Téllez 0-0: Ball
1-0: Called Strike
1-1: Ball
2-1: Swinging Strike
2-2: Ball
3-2: Strikes out swinging
Top of the 9th over - 0 runs, 1 hit, 0 errors, 2 left on base; Oakland 3 - Detroit 5
Sunday, March 18th, 2018 - OOTP Baseball 18.8 Build 76